 Dungeon Crawl Stone Soup version 0.28-a0-664-gc179e30c89 (webtiles) character file.

Game seed: 2019340973085782984

56 pokeman the Magician (level 3, -1/20 HPs)
             Began as a Deep Elf Hedge Wizard on Oct 15, 2021.
             Slain by a bullfrog skeleton (4 damage)
             ... on level 3 of the Dungeon.
             The game lasted 00:04:42 (2307 turns).

pokeman the Magician (Deep Elf Hedge Wizard)        Turns: 2307, Time: 00:04:43

Health: -1/20      AC:  3    Str:  7    XL:     3   Next: 69%
Magic:  8/11       EV: 12    Int: 19    God:
Gold:   57         SH:  0    Dex: 14    Spells: 1/12 levels left

rFire   . . .      SeeInvis .   d - +0 spear
rCold   . . .      Faith    .   (no shield)
rNeg    + . .      Spirit   .   b - +0 robe
rPois   .          Reflect  .   c - +0 hat
rElec   .          Harm     .   (no cloak)
rCorr   .          Rampage  .   (no gloves)
Will    .....                   g - +0 pair of boots
Stlth   ++........              (no amulet)
HPRegen 0.06/turn               j - ring of positive energy
MPRegen 0.12/turn               (no ring)

@: no status effects
A: no striking features
a: no special abilities


You were on level 3 of the Dungeon.
You visited 1 branch of the dungeon, and saw 3 of its levels.

You collected 57 gold pieces.

Inventory:

Hand Weapons
 d - a +0 spear (weapon)
Armour
 b - a +0 robe (worn)
 c - a +0 hat (worn)
 g - a +0 pair of boots (worn)
Jewellery
 j - a ring of positive energy (left hand)
Scrolls
 f - a scroll of holy word {unknown}
 h - 3 scrolls of amnesia {unknown}
 i - a scroll of identify {unknown}
 m - a scroll of enchant weapon {unknown}
 n - a scroll of noise {unknown}
Potions
 a - a potion of curing {unknown}
 e - 2 potions of brilliance {unknown}
 k - a potion of might {unknown}
 l - a potion of haste {unknown}


   Skills:
 - Level 1.0 Fighting
 - Level 1.0 Armour
 + Level 2.4 Dodging
 - Level 2.4 Stealth
 * Level 5.3 Spellcasting
 + Level 2.0 Conjurations
 - Level 1.1 Summonings
 - Level 1.1 Translocations
 + Level 0.1 Fire Magic


You had one spell level left.
You knew the following spells:

 Your Spells              Type           Power      Damage    Failure   Level
a - Magic Dart            Conj           48%        1d5       5%          1
b - Mephitic Cloud        Conj/Pois/Air  7%         N/A       26%         3
c - Call Imp              Summ           9%         N/A       12%         2
d - Blink                 Tloc           N/A        N/A       12%         2
e - Conjure Flame         Conj/Fire      9%         6-21      22%         3

Your spell library contained the following spells:

 Spells                   Type           Power      Damage    Failure   Level
 Corpse Rot               Necr/Air       N/A        N/A       19%         2
 Poisonous Vapours        Pois/Air       10%        N/A       19%         2
 Slow                     Hex            5%         N/A       19%         2


Dungeon Overview and Level Annotations

Branches:
Dungeon (3/15)

Altars:
Fedhas


Message History

The bullfrog skeleton barely misses you.
The ball python completely misses you. The ball python constricts you.
The bullfrog skeleton hits you but does no damage.
There is a stone staircase leading up here.
You escape the ball python's grasp.
HP restored.
The bullfrog skeleton hits you. The ball python bites you.
The ball python closely misses you.
You climb upwards.
There is a stone staircase leading down here.
Unknown command.
Unknown command.
Casting: Conjure Flame (extremely dangerous; 22% risk of failure)
Confirm with . or Enter, or press ? or * to list all spells.
Aiming: Magic Dart (safe; 5% risk of failure)
Press: ? - help, Shift-Dir - straight line, f - ball python
Aim: a ball python (100% to hit)
The magic dart hits the ball python.
You kill the ball python!
Casting: Magic Dart (safe; 5% risk of failure)
Confirm with . or Enter, or press ? or * to list all spells.
You can't see any susceptible monsters within range! (Use Z to cast anyway.) Unknown command.
You climb downwards.
The bullfrog skeleton barely misses you.
The bullfrog skeleton hits you.
There is a stone staircase leading up here.
The bullfrog skeleton hits you.
The bullfrog skeleton barely misses you.
The bullfrog skeleton misses you.
Casting: Magic Dart (safe; 5% risk of failure)
Confirm with . or Enter, or press ? or * to list all spells.
The spell is extremely dangerous to cast (22% risk of failure)!
Continue anyway?
The fire begins to smoulder!
The bullfrog skeleton closely misses you.
The bullfrog skeleton hits you.
* * * LOW HITPOINT WARNING * * *
The fire ignites!
The bullfrog skeleton is engulfed in blazing flames.
The bullfrog skeleton hits you.
You die...

### .. # #.##
.# ..# .. .
######.#.#.(..
#<.........#
#..Z@..#......
#.......#..#.(
#......## .#
#.####.# ).
#.# #.# .. #.#
#.# . #.# #..
#


You could see a bullfrog skeleton.

Vanquished Creatures
  An adder (D:2)
  A worm (D:2)
  A dart slug (D:2)
  An orc (D:2)
  5 ball pythons
  2 bats
  3 endoplasms
  A giant cockroach (D:3)
  5 goblins
  5 hobgoblins
  2 kobolds
  A quokka (D:2)
  5 frilled lizards
  4 rats
37 creatures vanquished.

Notes
Turn   | Place    | Note
-------+----------+-------------------------------------------
     0 | D:1      | pokeman the Deep Elf Hedge Wizard began the quest for the
                  | Orb.
     0 | D:1      | Reached XP level 1. HP: 10/10 MP: 7/7
   174 | D:1      | Found a faded altar of an unknown god.
   294 | D:1      | Reached XP level 2. HP: 16/16 MP: 7/9
  1231 | D:2      | Reached skill level 5 in Spellcasting
  1351 | D:2      | Reached XP level 3. HP: 20/20 MP: 7/11
  1355 | D:2      | Learned a level 3 spell: Mephitic Cloud
  1358 | D:2      | Learned a level 2 spell: Call Imp
  1361 | D:2      | Learned a level 2 spell: Blink
  1365 | D:2      | Learned a level 3 spell: Conjure Flame
  1701 | D:2      | Reached skill level 1 in Armour
  1866 | D:2      | Found a blossoming altar of Fedhas.
  2194 | D:3      | Reached skill level 1 in Fighting
  2307 | D:3      | Slain by a bullfrog skeleton

Illustrated notes

Levels and vault maps discovered:
D:1:      wander_arrival_chamber, layout_loops_cross,
          chequers_ecumenical_altar_simple_redux
D:2:      layout_basic, basic_altar
D:3:      layout_basic, serial_shops, shop_fountains

Skill      XL: |  1  2  3 |
---------------+----------+-----
Spellcasting   | 5 |  5.3
Armour         | 1 |  1.0
Fighting       | 1 |  1.0
Conjurations   | 2 |  2.0
Dodging        | |  2.4
Stealth        | |  2.4
Summonings     | |  1.1
Translocations | |  1.1
Fire Magic     | |  0.1

Action                   || total
-------------------------++-------
Melee: Spear             ||     1
 Cast: Magic Dart        ||    95
       Conjure Flame     ||     1
 Stab: Sleeping          ||     1
Armor: Robe              ||     5
Dodge: Dodged            ||    21

Table legend: (Time is in decaauts)
 A = Elapsed time spent in this place.
 B = Non-inter-level travel time spent in this place.
 C = Inter-level travel time spent in this place.
 D = Time resting spent in this place.
 E = Time spent auto-exploring this place.
 F = Levels seen in this place.
 G = Mean time per level.
                   A        B        C        D        E       F      G
               +--------+--------+--------+--------+--------+-----+--------+
         Total |   2307 |   2288 |     19 |     69 |   1988 |   3 |  769.0 |
       Dungeon |   2307 |   2288 |     19 |     69 |   1988 |   3 |  769.0 |
               +--------+--------+--------+--------+--------+-----+--------+

Top non-repeatable levels by time:
     D:1: 1146 daAuts
     D:2: 1118 daAuts
     D:3: 42 daAuts
